 Dungeon Crawl Stone Soup version 0.30-a0-1053-gbd8d5ba0ad (webtiles) character file.

Game seed: 8541979990143712179

161 jimonade the Magician (level 5, -2/37 HPs)
             Began as a Gnoll Hedge Wizard on Apr 11, 2023.
             Slain by a jelly (3 damage)
             ... on level 4 of the Dungeon.
             The game lasted 00:09:53 (3778 turns).

jimonade the Magician (Gnoll Hedge Wizard)          Turns: 3778, Time: 00:09:53

Health: -2/37      AC:  6    Str: 11    XL:     5   Next: 42%
Magic:  14/14      EV:  3    Int: 13    God:
Gold:   145        SH:  0    Dex: 12    Spells: 13/18 levels left

rFire   . . .      SeeInvis .    a - +1 mace (holy)
rCold   . . .      Faith    .    (no shield)
rNeg    . . .      Spirit   .    B - +0 plate armour
rPois   .          Reflect  .    c - +0 hat
rElec   .          Rampage  .    (no cloak)
rCorr   .                        (no gloves)
Will    +....                    (no boots) Stlth
                                 (no amulet)
HPRegen 0.26/turn                y - ring of willpower
MPRegen 0.14/turn                (no ring)

@: corroded
A: fangs 1, strong nose, distributed training
a: no special abilities


You were on level 4 of the Dungeon.
You visited 1 branch of the dungeon, and saw 4 of its levels.

You collected 145 gold pieces.

Inventory:

Hand Weapons
 a - a +1 mace of holy wrath (weapon)
 i - a +0 short sword
 l - a +0 dagger
 s - a +0 mace
 x - a +1 dagger of holy wrath
 A - a +0 hand axe
Missiles
 g - 2 boomerangs
 m - 73 stones
 n - 10 poisoned darts
Armour
 b - a +0 robe
 c - a +0 hat (worn)
 p - a +0 chain mail
 v - a +0 ring mail
 B - a +0 plate armour (worn)
Magical Staves
 j - a staff of poison
Jewellery
 y - a ring of willpower (left hand)
Scrolls
 h - a scroll of enchant weapon {unknown}
 k - 2 scrolls of identify {unknown}
 o - 2 scrolls of magic mapping {unknown}
 u - a scroll of fear {unknown}
 w - a scroll of enchant armour {unknown}
Potions
 d - 2 potions of magic
 e - 2 potions of ambrosia {unknown}
 f - 3 potions of curing {unknown}
 q - a potion of degeneration {unknown}
 r - a potion of might {unknown}
 t - 2 potions of heal wounds {unknown}
 z - a potion of haste {unknown}


   Skills:
 + Level 1.5 Fighting
 + Level 1.5 Short Blades
 + Level 1.5 Long Blades
 + Level 1.5 Axes
 + Level 1.5 Maces & Flails
 + Level 1.5 Polearms
 + Level 1.5 Staves
 + Level 1.5 Ranged Weapons
 + Level 1.5 Throwing
 + Level 1.5 Armour
 + Level 4.8 Dodging
 + Level 4.4 Stealth
 + Level 1.5 Shields
 + Level 1.5 Unarmed Combat
 + Level 7.3 Spellcasting
 + Level 2.4 Conjurations
 + Level 1.2 Hexes
 + Level 2.4 Summonings
 + Level 1.2 Necromancy
 + Level 2.4 Translocations
 + Level 1.2 Transmutations
 + Level 1.2 Fire Magic
 + Level 1.2 Ice Magic
 + Level 1.2 Air Magic
 + Level 1.2 Earth Magic
 + Level 1.2 Poison Magic
 + Level 1.7 Invocations
 + Level 1.5 Evocations


You had 13 spell levels left.
You knew the following spells:

 Your Spells              Type           Power      Damage    Failure   Level
a - Magic Dart            Conj           44%        1d5       100%        1
b - Blink                 Tloc           22%        N/A       100%        2
c - Call Imp              Summ           22%        N/A       100%        2

Your spell library contained the following spells:

 Spells                   Type           Power      Damage    Failure   Level
 Slow                     Hex            32%        N/A       100%        1
 Cigotuvi's Dreadful Rot  Necr/Pois/Air  16%        N/A       100%        2
 Mephitic Cloud           Conj/Pois/Air  9%         N/A       100%        3


Dungeon Overview and Level Annotations

Branches:
Dungeon (4/15)
 Temple: D:4-7

Altars:
Trog

Shops:
D:1 (

Annotations:
D:3 2 runed translucent doors, Terence


Innate Abilities, Weirdness & Mutations

You have very sharp teeth.
Your uncanny sense of smell can sniff out nearby items.
Your experience applies equally to all skills.


Message History

You start removing your armour.
You continue taking off your +0 robe. x4
You finish taking off your +0 robe.
You start putting on your armour.
You continue putting on your +0 plate armour. x5
You finish putting on your +0 plate armour.
The jelly quivers.
You thump the jelly! The acid corrodes you!
Your hands burn!
The jelly is moderately wounded.
The jelly hits you but does no damage.
You hit the jelly but do no damage.
Your hands burn!
The jelly is moderately wounded.
The jelly hits you but does no damage.
You completely miss the jelly.
The jelly is moderately wounded.
The jelly hits you but does no damage.
You hit the jelly.
Your hands burn!
The jelly is moderately wounded.
The jelly hits you but does no damage. The jelly hits you.
You are splashed with acid!
You hit the jelly.
Your hands burn!
The jelly is heavily wounded.
The jelly barely misses you.
You completely miss the jelly.
The jelly is heavily wounded.
The jelly hits you.
You are splashed with acid.
* * * LOW HITPOINT WARNING * * *
You barely miss the jelly. Your punch misses the jelly.
The jelly is heavily wounded.
The jelly hits you but does no damage. x2
You hit the jelly.
Your hands burn!
* * * LOW HITPOINT WARNING * * *
You bite the jelly, but do no damage.
The jelly is heavily wounded.
The jelly hits you but does no damage.
You sock the jelly!
Your hands burn!
* * * LOW HITPOINT WARNING * * *
You bite the jelly, but do no damage.
The jelly is severely wounded.
The jelly hits you.
You die...

.... .[... .. ... ......
.. ### #.# .##..####.###
+##.####.##.##..#..#...###
†......#....#.............
.......#....#...........#
<......#..†.............#
......##....##..........#
......##....##.J@.......#
........................#
###...##................#
# ######....##....##...##
........##+#### ...#
...##....# ..... ...
##+### ..... .. ..... .


You could see a jelly.

Vanquished Creatures
  An iguana (D:3)
  An orc wizard (D:3)
  3 adders
  A worm (D:2)
  3 dart slugs
  4 orcs
  7 ball pythons
  2 endoplasms (D:3)
  2 giant cockroaches (D:1)
  6 goblins
  8 hobgoblins
  7 quokkas
  3 bats
  A frilled lizard (D:2)
  3 kobolds
  2 rats
54 creatures vanquished.

Vanquished Creatures (collateral kills)
  2 orcs (D:3)
  A ball python (D:4)
  2 hobgoblins (D:4)
  A quokka (D:3)
  A kobold (D:3)
7 creatures vanquished.

Vanquished Creatures (others)
  A plant (D:2)
1 creature vanquished.

Grand Total: 62 creatures vanquished

Notes
Turn   | Place    | Note
-------+----------+-------------------------------------------
     0 | D:1      | jimonade the Gnoll Hedge Wizard began the quest for the
                  | Orb.
     0 | D:1      | Reached XP level 1. HP: 13/13 MP: 8/8
   160 | D:1      | Reached XP level 2. HP: 19/19 MP: 2/10
   674 | D:1      | Found Ycehur's Weapon Boutique.
   920 | D:1      | Learned a level 2 spell: Blink
   923 | D:1      | Learned a level 2 spell: Call Imp
   996 | D:2      | Reached XP level 3. HP: 25/25 MP: 9/11
  1185 | D:2      | Found a faded altar of an unknown god.
  1271 | D:2      | Reached skill level 1 in Invocations
  1604 | D:2      | Reached skill level 1 in Fighting
  1604 | D:2      | Reached skill level 1 in Short Blades
  1604 | D:2      | Reached skill level 1 in Long Blades
  1604 | D:2      | Reached skill level 1 in Axes
  1604 | D:2      | Reached skill level 1 in Maces & Flails
  1604 | D:2      | Reached skill level 1 in Polearms
  1604 | D:2      | Reached skill level 1 in Staves
  1604 | D:2      | Reached skill level 1 in Ranged Weapons
  1604 | D:2      | Reached skill level 1 in Throwing
  1604 | D:2      | Reached skill level 1 in Armour
  1604 | D:2      | Reached skill level 1 in Shields
  1604 | D:2      | Reached skill level 1 in Unarmed Combat
  1604 | D:2      | Reached skill level 1 in Evocations
  1747 | D:2      | Reached XP level 4. HP: 29/32 MP: 0/13
  2594 | D:3      | Reached skill level 1 in Hexes
  2594 | D:3      | Reached skill level 1 in Necromancy
  2594 | D:3      | Reached skill level 1 in Transmutations
  2594 | D:3      | Reached skill level 1 in Fire Magic
  2594 | D:3      | Reached skill level 1 in Ice Magic
  2594 | D:3      | Reached skill level 1 in Air Magic
  2594 | D:3      | Reached skill level 1 in Earth Magic
  2594 | D:3      | Reached skill level 1 in Poison Magic
  2831 | D:3      | Found a bloodstained altar of Trog.
  2869 | D:3      | Reached XP level 5. HP: 23/37 MP: 14/14
  2981 | D:3      | Found a large runed translucent door.
  2984 | D:3      | Found a large runed translucent door.
  3331 | D:3      | Noticed Terence
  3778 | D:4      | HP: 1/37 [acid (2)]
  3778 | D:4      | Slain by a jelly

Illustrated notes

Levels and vault maps discovered:
D:1:      mrwooster_arrival_statue_2, layout_loops_ring, serial_shops,
          nicolae_shop_bloodbath_and_beyond, minmay_shallow_snake_nest
D:2:      layout_loops_ring, dreamdust_ecumenical_altar_grove,
          dreamdust_princess_bridge, minmay_tromino_mix6
D:3:      layout_basic, trog_hazing_becter, jmf_multi_god_temple2, uniq_terence
D:4:      minmay_goblin_kobold_castle, layout_gridville, serial_shops,
          nicolae_shop_hallway_plus

Skill      XL: |  1  2  3  4 |
---------------+-------------+-----
Conjurations   | 2 |  2.4
Summonings     | 2 |  2.4
Translocations | 2 |  2.4
Invocations    | 1 |  1.7
Fighting       | 1 |  1.5
Short Blades   | 1 |  1.5
Long Blades    | 1 |  1.5
Axes           | 1 |  1.5
Maces & Flails | 1 |  1.5
Polearms       | 1 |  1.5
Staves         | 1 |  1.5
Ranged Weapons | 1 |  1.5
Throwing       | 1 |  1.5
Armour         | 1 |  1.5
Shields        | 1 |  1.5
Unarmed Combat | 1 |  1.5
Evocations     | 1 |  1.5
Hexes          | 1 |  1.2
Necromancy     | 1 |  1.2
Transmutations | 1 |  1.2
Fire Magic     | 1 |  1.2
Ice Magic      | 1 |  1.2
Air Magic      | 1 |  1.2
Earth Magic    | 1 |  1.2
Poison Magic   | 1 |  1.2
Dodging        | |  4.8
Stealth        | |  4.4
Spellcasting   | |  7.3

Action                     |  1- 3 |  4- 6 || total
---------------------------+-------+-------++-------
  Melee: Dagger            |     2 |    10 ||    12
         Punch             |     1 |       ||     1
         Mace              |       |    34 ||    34
         Bite              |       |     8 ||     8
   Cast: Magic Dart        |    93 |    61 ||   154
         Call Imp          |     2 |    11 ||    13
 Armour: Robe              |     2 |     5 ||     7
         Plate armour      |       |     7 ||     7
  Dodge: Dodged            |    16 |    50 ||    66

Table legend: (Time is in decaauts)
 A = Elapsed time spent in this place.
 B = Non-inter-level travel time spent in this place.
 C = Inter-level travel time spent in this place.
 D = Time resting spent in this place.
 E = Time spent auto-exploring this place.
 F = Levels seen in this place.
 G = Mean time per level.
                   A        B        C        D        E       F      G
               +--------+--------+--------+--------+--------+-----+--------+
         Total |   3785 |   3619 |    166 |    522 |   2350 |   4 |  946.2 |
       Dungeon |   3785 |   3619 |    166 |    522 |   2350 |   4 |  946.2 |
               +--------+--------+--------+--------+--------+-----+--------+

Top non-repeatable levels by time:
     D:2: 1282 daAuts
     D:3: 1277 daAuts
     D:1: 988 daAuts
     D:4: 237 daAuts
